 Dungeon Crawl Stone Soup version 0.25-a0-419-g7650d0de75 (webtiles) character file.

Game seed: 11973303184189457250, levelgen mode: deterministic

65 Borgoz the Cudgeler (level 4, -1/29 HPs)
             Began as a Gargoyle Berserker on Jan 17, 2020.
             Was a Believer of Trog.
             Slain by Sigmund
             ... wielding a +0 scythe
              (9 damage)
             ... on level 3 of the Dungeon.
             The game lasted 00:02:02 (1513 turns).

Borgoz the Cudgeler (Gargoyle Berserker)            Turns: 1513, Time: 00:02:03

Health: -1/29      AC:  9    Str: 27    XL:     4   Next: 13%
Magic:  4/4        EV: 17    Int:  7    God:    Trog [**....]
Gold:   72         SH:  0    Dex: 14    Spells: 3/3 levels left

rFire    . . .     SeeInvis .   a - +0 mace
rCold    . . .     Gourm    .   (no shield)
rNeg     + . .     Faith    .   e - +0 ring mail
rPois    ∞         Spirit   .   (no helmet)
rElec    +         Reflect  .   (no cloak)
rCorr    +         Harm     .   (no gloves)
MR       .....                  (no boots)
Stlth    ++........             (no amulet)
HPRegen  0.09/turn              m - ring of resist corrosion
MPRegen  0.09/turn              (no ring)

@: mighty, agile, berserk cooldown, slowed, very slow
A: negative energy resistance 1, electricity resistance, unbreathing,
petrification resistance, rot immunity, AC +3
a: Berserk, Trog's Hand, Renounce Religion


You were on level 3 of the Dungeon.
You worshipped Trog.
Trog was pleased with you.
You were not hungry.

You visited 1 branch of the dungeon, and saw 3 of its levels.

You collected 72 gold pieces.

Inventory:

Hand Weapons
 a - a +0 mace (weapon)
Armour
 e - a +0 ring mail (worn)
Jewellery
 m - a ring of resist corrosion (left hand)
Scrolls
 d - a scroll of fear {unknown}
 f - a scroll of teleportation {unknown}
 g - a scroll of immolation {unknown}
 h - a scroll of random uselessness {unknown}
 j - a scroll of enchant armour {unknown}
 k - a scroll of remove curse {unknown}
 n - a scroll of fog {unknown}
 o - a scroll of noise {unknown}
 p - a scroll of magic mapping {unknown}
Potions
 l - a potion of heal wounds {unknown}
Comestibles
 c - a ration


   Skills:
 + Level 3.6 Fighting
 * Level 3.7 Maces & Flails
 + Level 2.7 Armour
 * Level 2.3 Dodging


You had 3 spell levels left.
You didn't know any spells.
Your spell library was empty.

Dungeon Overview and Level Annotations

Branches:
Dungeon (3/15)

Altars:
Elyvilon
Uskayaw

Annotations:
D:3 1 runed translucent door, Sigmund


Innate Abilities, Weirdness & Mutations

You are resistant to torment.
Your stone body is resilient. (AC +3)
You are immune to poison.
You resist negative energy. (rN+)
You are resistant to electric shocks. (rElec)
You can survive without breathing.
You are immune to petrification.
You are immune to rotting.


Message History

You feel yourself slow down. Something hits you.
You miss something.
You hear some strange, mumbled words.
A magic dart appears from out of thin air!
The magic dart hits you.
* * * LOW HITPOINT WARNING * * *
Your ring mail prevents you from hitting something.
Something completely misses you.
Okay, then.
It was a potion of agility.
You feel agile all of a sudden.
You hear some strange, mumbled words.
A puff of flame appears from out of thin air!
The puff of flame misses you. Something hits you but does no damage.
It was a potion of might.
You feel very mighty all of a sudden. Something hits you but does no damage.
You eat one of the 2 rations.
That ration really hit the spot!
Something hits you!
You die...

#.........#
#.........#
#.........#
#.........
#........#####
#........#....
#.....{..+≈≈≈≈
#@# #.# #.#
#.## #..# ##<#
#.# #.. ####


There were no monsters in sight!

Vanquished Creatures
  3 adders (D:2)
  2 dart slugs
  5 bats
  A giant cockroach (D:2)
  6 goblins
  6 hobgoblins
  3 frilled lizards
  5 kobolds
  3 rats
34 creatures vanquished.

Notes
Turn   | Place    | Note
-------+----------+-------------------------------------------
     0 | D:1      | Borgoz the Gargoyle Berserker began the quest for the Orb.
     0 | D:1      | Reached XP level 1. HP: 14/14 MP: 1/1
   209 | D:1      | Reached XP level 2. HP: 12/19 MP: 2/2
   586 | D:2      | Reached XP level 3. HP: 19/23 MP: 3/3
   751 | D:2      | Found a hide-covered altar of Uskayaw.
   798 | D:2      | Reached XP level 4. HP: 27/29 MP: 4/4
   823 | D:2      | Found a white marble altar of Elyvilon.
   957 | D:2      | Reached ** piety under Trog
  1490 | D:3      | Noticed Sigmund
  1502 | D:3      | Found a runed translucent door.
  1513 | D:3      | Slain by Sigmund

Levels and vault maps discovered:
D:1:      mrwooster_arrival_statue_2, layout_loops_ring
D:2:      layout_basic, nicolae_overflow_crystal_walls,
          minmay_misc_feat_enclosed, elyvilon_altar_3
D:3:      layout_rooms, grunt_temple_overflow_gold_and_silver,
          ebering_ghost_reflecting_pool, gup_sewer_entry_bowl,
          nrook_mini_vaults, uniq_sigmund, uniq_terence

Skill      XL: |  1  2 |
---------------+-------+-----
Dodging        | 2 |  2.3
Fighting       | |  3.6
Maces & Flails | |  3.7
Armour         | |  2.7

Action                   |  1- 3 |  4- 6 || total
-------------------------+-------+-------++-------
Melee: Mace              |   105 |    24 ||   129
Invok: Berserk           |       |     1 ||     1
  Use: Scroll            |     1 |       ||     1
       Potion            |       |     2 ||     2
  Eat: Ration            |       |     1 ||     1
       Chunk             |       |     1 ||     1
Armor: Ring mail         |    57 |     9 ||    66
Dodge: Dodged            |    76 |    11 ||    87

Table legend:
 A = Non-vault XP
 B = Vault XP
 C = Vault XP percentage of total XP
 D = Non-vault monster count
 E = Vault monster count
 F = Vault count percentage of total count
                 A         B        C        D         E       F
            +---------+---------+-------+---------+---------+-------
      Total |      93 |       0 |   0.0 |      34 |       0 |   0.0
            +---------+---------+-------+---------+---------+-------
        D:1 |      29 |       0 |   0.0 |      18 |       0 |   0.0
        D:2 |      59 |       0 |   0.0 |      13 |       0 |   0.0
        D:3 |       5 |       0 |   0.0 |       3 |       0 |   0.0
            +---------+---------+-------+---------+---------+-------
